 Dungeon Crawl Stone Soup version 0.20-a0-556-g892c87b (webtiles) character file.

308 dondy the Charmwright (level 6, -1/39 HPs)
             Began as a Halfling Skald on Feb 6, 2017.
             Slain by an adder (2 damage)
             ... on level 3 of the Dungeon.
             The game lasted 00:16:29 (4037 turns).

dondy the Charmwright (Halfling Skald)              Turns: 4037, Time: 00:16:30

Health: -1/39      AC: 11    Str: 12    XL:     6   Next: 68%
Magic:  8/8        EV: 16    Int: 13    God:
Gold:   260        SH:  0    Dex: 14    Spells: 0/8 levels left

rFire    . . .     SeeInvis .   a - +1 dagger (flame)
rCold    . . .     Gourm    .   w - +0 leather armour
rNeg     . . .     Faith    .   (shield restricted)
rPois    .         Spirit   .   B - +0 helmet
rElec    .         Reflect  .   (no cloak)
rCorr    .         Harm     .   A - +0 pair of gloves
MR       .....                  x - +0 pair of boots
Stlth    +.........             (no amulet)
Regen    0.2/turn               q - +5 ring of protection
                                v - ring of wizardry

@: infused
A: mutation resistance 1
a: no special abilities


You were on level 3 of the Dungeon.
You were not hungry.

You visited 1 branch of the dungeon, and saw 3 of its levels.

You collected 260 gold pieces.

Inventory:

Hand Weapons
 a - a +1 dagger of flaming (weapon)
 b - a +0 hunting sling
Missiles
 o - 173 stones (quivered)
Armour
 w - a +0 leather armour (worn)
 x - a +0 pair of boots (worn)
 A - a +0 pair of gloves (worn)
 B - a +0 helmet (worn)
Jewellery
 m - an uncursed ring of protection from fire
 q - a +5 ring of protection (right hand)
 v - a ring of wizardry (left hand)
Scrolls
 e - 2 scrolls of enchant weapon
 f - a scroll of remove curse
 h - 3 scrolls of magic mapping
 i - a scroll of recharging {unknown}
 n - 2 scrolls of enchant armour
 p - 2 scrolls of random uselessness {unknown}
 r - 3 scrolls of teleportation
 y - a scroll of amnesia {unknown}
Potions
 j - 4 potions of curing {unknown}
 l - 3 potions of agility {unknown}
 s - a potion of degeneration {unknown}
 t - a potion of berserk rage {unknown}
 z - a potion of mutation {unknown}
Books
 c - a book of Battle

   Spells                             Type                      Level
   a - Infusion                       Charms                       1
   b - Shroud of Golubria             Charms/Translocation         2
   c - Song of Slaying                Charms                       2
   d - Spectral Weapon                Hexes/Charms                 3
   e - Regeneration                   Charms/Necromancy            3
Comestibles
 d - 3 bread rations
 g - 4 meat rations
 u - a fruit


   Skills:
 - Level 2.0 Fighting
 + Level 4.4 Short Blades
 + Level 3.1 Slings
 - Level 2.0 Armour
 + Level 4.0 Dodging
 - Level 1.5 Spellcasting
 + Level 4.7 Charms


You couldn't memorise any spells.
You knew the following spells:

 Your Spells              Type           Power        Failure   Level  Hunger
a - Infusion              Chrm           ##..         2%          1    ##.....
b - Song of Slaying       Chrm           ##......     4%          2    ###....
c - Shroud of Golubria    Chrm/Tloc      #.........   9%          2    ###....
d - Regeneration          Chrm/Necr      #.........   17%         3    ####...


Dungeon Overview and Level Annotations

Branches:
Dungeon (3/15)

Altars:
Ashenzari


Innate Abilities, Weirdness & Mutations

You are small and have problems with some larger weapons.
You are somewhat resistant to further mutation.


Message History

The orc priest calls down the wrath of Beogh upon you.
Beogh smites you! 2 orc priests come into view.
The orc priest shouts! x2
You see here a frilled lizard skeleton.
An adder comes into view.
The adder hisses angrily.
The orc priest mumbles some strange prayers to Beogh against you.
Beogh smites you!
The orc priest hits you but does no damage.
The orc hits you but does no damage.
The orc priest mumbles some strange prayers to Beogh against you.
Pain shoots through your body!
* * * LOW HITPOINT WARNING * * *
The orc priest closely misses you.
The orc priest calls down the wrath of Beogh upon you.
Beogh smites you!
* * * LOW HITPOINT WARNING * * *
The adder bites you.
You die...

#.........##.........<.....##. #
#.........##......###.#######.
#.##...................#.# #.
......................#.######..
##...............#.###.........
#............#..#.##.....###.#
##.#.........#..#.##.#.#####.#
#.#...#....o........#........
#.#....ooo.S@.<.......#####.#
#.#.#รท#....o..........#......
#.#.#.#........#.........##.#
#.#.#o#..................#...
#.#......................#...
#.#...#.......#..........#...
#...?............#####.#...
#...#.#....................
#$......... #.### ####.#...


You could see 3 orc priests, an adder and 2 orcs.

Vanquished Creatures
  An ice beast (D:3)
  A scorpion (D:3)
  Robin (D:1)
  4 adders
  2 oozes
  3 worms (D:2)
  3 dart slugs
  2 leopard geckos (D:1)
  2 orcs (D:3)
  6 giant cockroaches
  25 goblins
  7 hobgoblins
  7 jackals
  7 kobolds
  2 quokkas
  5 bats
  8 frilled lizards
  6 rats
92 creatures vanquished.

Notes
Turn   | Place    | Note
-------+----------+-------------------------------------------
     0 | D:1      | dondy the Halfling Skald began the quest for the Orb.
     0 | D:1      | Reached XP level 1. HP: 14/14 MP: 3/3
   219 | D:1      | Reached XP level 2. HP: 11/19 MP: 0/4
   687 | D:1      | Reached XP level 3. HP: 9/24 MP: 0/5
   691 | D:1      | Learned a level 2 spell: Song of Slaying
   694 | D:1      | Learned a level 2 spell: Shroud of Golubria
  1419 | D:2      | Reached XP level 4. HP: 24/29 MP: 1/6
  2411 | D:2      | Reached XP level 5. HP: 30/34 MP: 0/7
  2610 | D:2      | Noticed Robin
  2692 | D:1      | Killed Robin
  3192 | D:3      | Found a shattered altar of Ashenzari.
  3322 | D:3      | Noticed an ice beast
  3354 | D:3      | Reached skill level 1 in Slings
  3448 | D:3      | Reached XP level 6. HP: 25/39 MP: 0/8
  3453 | D:3      | Learned a level 3 spell: Regeneration
  3664 | D:3      | Killed an ice beast
  4037 | D:3      | HP: 1/39 [orc priest/divine providence (8)]
  4037 | D:3      | Slain by an adder

Vault maps used:
D:1:      eino_arrival_cavern_a, roderic_bipointed_swastika,
          serial_bayou_pond_e, minmay_small_reverse_x
D:2:      kennysheep_goblin_castle
D:3:      grunt_ministairs_3, st_stairs_3, nicolae_ashenzari_panopticon

Skill      XL: |  1  2  3  4  5  6 |
---------------+-------------------+-----
Fighting       | 2 |  2.0
Charms         | 4 |  4.7
Dodging        | 3 4 |  4.0
Short Blades   | 3 4 |  4.4
Armour         | 2 |  2.0
Slings         | 2 3 |  3.1
Spellcasting   | |  1.5

Action                   |  1- 3 |  4- 6 || total
-------------------------+-------+-------++-------
Melee: Short sword       |   100 |   118 ||   218
       Dagger            |       |    98 ||    98
 Fire: Hunting sling     |       |    34 ||    34
 Cast: Infusion          |    14 |    24 ||    38
       Song of Slaying   |       |     4 ||     4
  Use: Scroll            |       |     6 ||     6
  Eat: Chunk             |     2 |    10 ||    12
Armor: Leather armour    |    16 |    55 ||    71
Dodge: Dodged            |    67 |   172 ||   239
